 Dungeon Crawl Stone Soup version 0.28-a0-312-gbced6e68ee (webtiles) character file.

Game seed: 1930931405528289149

22202 mistaj the Grappler (level 12, 0/127 HPs)
             Began as a Troll Monk on Aug 30, 2021.
             Was the Champion of Okawaru.
             Succumbed to a cane toad's poison
             ... on level 3 of the Lair of Beasts.
             The game lasted 00:31:23 (12200 turns).

mistaj the Grappler (Troll Monk)                   Turns: 12200, Time: 00:31:23

Health: 0/127      AC: 11    Str: 22    XL:     12   Next: 60%
Magic:  11/11      EV: 10    Int: 10    God:    Okawaru [******]
Gold:   437        SH:  9    Dex: 12    Spells: 11/11 levels left

rFire   + . .      SeeInvis +     - Unarmed
rCold   . . .      Faith    .   i - +0 kite shield
rNeg    + . .      Spirit   .   A - +1 steam dragon scales
rPois   .          Reflect  .   B - +2 hat {SInv}
rElec   .          Harm     .   d - +0 cloak
rCorr   .          Rampage  .   (gloves unavailable)
Will    .....                   (boots unavailable)
Stlth   ++........              u - amulet of regeneration
HPRegen 2.31/turn               o - ring of protection from fire
MPRegen 0.12/turn               s - ring of positive energy

@: lethally poisoned (0 -> -2)
A: large, unfitting armour, claws 3, regeneration 1, shaggy fur 1, tough skin 1
a: Renounce Religion, Heroism, Finesse, Duel


You were on level 3 of the Lair of Beasts.
You worshipped Okawaru.
Okawaru was exalted by your worship.
You visited 3 branches of the dungeon, and saw 14 of its levels.

You collected 714 gold pieces.
You spent 277 gold pieces at shops.

Inventory:

Hand Weapons
 z - a +2 scimitar of flaming
Missiles
 a - 2 throwing nets
 t - 4 large rocks (quivered)
Armour
 d - a +0 cloak (worn)
 i - a +0 kite shield (worn)
 A - +1 steam dragon scales (worn)
 B - a +2 hat of see invisible (worn)
Jewellery
 o - a ring of protection from fire (left claw)
 s - a ring of positive energy (right claw)
 u - an amulet of regeneration (around neck)
Wands
 h - a wand of iceblast (20)
 l - a wand of paralysis (10)
 n - a wand of polymorph (2)
 r - a wand of acid (5)
 E - a wand of flame (15)
Scrolls
 c - 3 scrolls of vulnerability
 f - a scroll of teleportation
 w - 2 scrolls of amnesia {unknown}
 y - 2 scrolls of magic mapping
 F - a scroll of fear
 G - a scroll of silence {unknown}
Potions
 b - 2 potions of magic
 e - 2 potions of lignification
 g - a potion of heal wounds
 j - a potion of flight
 k - a potion of berserk rage
 m - 2 potions of resistance {unknown}
 p - 3 potions of curing
 q - a potion of brilliance {unknown}
 v - a potion of cancellation {unknown}
 x - a potion of haste {unknown}
 C - a potion of might {unknown}
 D - 2 potions of mutation {unknown}


   Skills:
 + Level 10.5 Fighting
 - Level 3.0 Dodging
 - Level 1.6 Stealth
 + Level 7.7 Shields
 + Level 14.4 Unarmed Combat


You had 11 spell levels left.
You didn't know any spells.
Your spell library contained the following spells:

 Spells                   Type           Power      Damage    Failure   Level
 Corona                   Hex            0%         N/A       45%         1
 Corpse Rot               Necr/Air       N/A        N/A       58%         2
 Ensorcelled Hibernation  Hex/Ice        0%         N/A       58%         2
 Poisonous Vapours        Pois/Air       0%         N/A       58%         2
 Alistair's Intoxication  Tmut/Pois      0%         N/A       100%        5
 Borgnjor's Vile Clutch   Necr/Erth      0%         N/A       100%        5
 Freezing Cloud           Conj/Ice/Air   0%         6-21      100%        5
 Eringya's Noxious Bog    Tmut/Pois      0%         N/A       100%        6
 Tukima's Dance           Hex            Unusable   N/A       N/A         3
 Malign Gateway           Summ/Tloc      Unusable   N/A       N/A         7
 Summon Horrible Things   Summ           Unusable   N/A       N/A         8

Dungeon Overview and Level Annotations

Branches:
Dungeon (10/15)            Temple (1/1) D:7            Lair (3/6) D:8
  Snake (0/4) Lair:2          Orc (0/2) D:10
  Swamp: Lair:2-4    Shoals: Lair:2-4

Altars:
Cheibriados
Okawaru
Vehumet
Xom

Shops:
D:1 =[[   D:9 *


Innate Abilities, Weirdness & Mutations

You are too large for most types of armour.
You have claws for hands.
Your natural rate of healing is unusually fast.
You are covered in fur. (AC +1)
You have tough skin. (AC +1)


Message History

* * * LOW HITPOINT WARNING * * *
The one-headed hydra bites you!
* * * LOW HITPOINT WARNING * * *
You chop the one-headed hydra's last head off!
You kill the one-headed hydra!
Okawaru accepts your kill. The cane toad barely misses you.
Unknown command.
Your +2 scimitar of flaming stops flaming.
You are now empty-clawed.
You block the cane toad's attack.
Your shield prevents you from hitting the cane toad.
The cane toad is lightly wounded.
The cane toad stings you!
* * * LOW HITPOINT WARNING * * *
The cane toad stings you.
* * * LOW HITPOINT WARNING * * *
The cane toad closely misses you.
You see here a wolf skeleton.
Items here: ÷÷÷÷÷.
There is a stone staircase leading down, spattered with blood here.
The cane toad stings you!
* * * LOW HITPOINT WARNING * * *
You are poisoned.
The cane toad poisons you!
You feel very sick.
You feel very sick.
You feel very sick.
You feel very sick.
You feel sick. You block the cane toad's attack.
You feel sick.
You feel sick. The cane toad stings you.
* * * LOW HITPOINT WARNING * * *
You feel sick.
You feel sick. The cane toad closely misses you.
You feel sick.
You feel sick. The cane toad stings you!!
* * * LOW HITPOINT WARNING * * *
You are lethally poisoned!
The cane toad poisons you!
You die...

############## # ##
#......#....P## .##..
###...........## #....
#............###....
#...F........# .....
#............###....
##..@........P.#.....
#............+.......
##............####....
#.#.....>.....# ##.##
########÷#...## ##.#
## #.÷..### ###.
#.###.+##.# #.#+
##........## #..
#P.........# ######..


You could see a cane toad.

Vanquished Creatures
  3 hydras
  3 two-headed ogres (D:10)
  Pikel (D:8)
  6 elephants (Lair:2)
  3 black mambas
  5 cane toads
  Maggie (D:6)
  2 rime drakes (Lair:2)
  2 komodo dragons (Lair:3)
  2 trolls
  19 yaks
  A wraith (D:10)
  A vampire (Temple)
  4 wyverns
  Eustachio (D:6)
  Grum (D:8)
  Menkaure (D:6)
  2 steam dragons
  9 water moccasins
  3 nagas (Lair:2)
  2 sky beasts
  An ice beast (D:5)
  4 orc warriors
  A black bear (D:5)
  3 necrophages
  3 ogres
  29 wolves
  5 centaurs
  A phantom (D:4)
  A wyvern zombie (D:6)
  4 bullfrogs
  3 scorpions
  5 killer bees (D:10)
  3 wights (D:9)
  3 howler monkeys
  2 electric eels (Lair:1)
  4 crimson imps (D:4)
  3 centaur zombies
  4 hounds
  A jelly (D:7)
  A gnoll shaman (D:8)
  5 orc priests
  2 bullfrog skeletons (D:5)
  A centaur skeleton (D:7)
  An iguana (D:6)
  6 orc wizards
  A hound zombie (D:5)
  A hound skeleton (D:4)
  A howler monkey skeleton (D:7)
  A howler monkey zombie (D:10)
  6 gnolls
  6 adders
  2 white imps
  A dart slug (D:4)
  A worm (D:2)
  24 orcs
  10 ball pythons
  9 endoplasms
  3 giant cockroaches
  4 hobgoblins
  A jackal (D:1)
  9 quokkas
  7 bats
  8 frilled lizards
  6 goblins
  6 kobolds
  5 rats
280 creatures vanquished.

Vanquished Creatures (others)
  7 fungi
  13 plants
20 creatures vanquished.

Grand Total: 300 creatures vanquished

Notes
Turn   | Place    | Note
-------+----------+-------------------------------------------
     0 | D:1      | mistaj the Troll Monk began the quest for the Orb.
     0 | D:1      | Reached XP level 1. HP: 22/22 MP: 0/0
     4 | D:1      | Found Qiar Tou's Armour Emporium.
    37 | D:1      | Found Yphef's Jewellery Boutique.
   136 | D:1      | Reached XP level 2. HP: 29/29 MP: 1/1
   279 | D:1      | Found a faded altar of an unknown god.
   359 | D:1      | Reached XP level 3. HP: 34/36 MP: 2/2
   490 | D:1      | Found Urhuitae's Antique Armour Emporium.
   828 | D:2      | Noticed a necrophage
   848 | D:2      | Killed a necrophage
   849 | D:2      | Reached skill level 4 in Unarmed Combat
   849 | D:2      | Reached XP level 4. HP: 43/44 MP: 3/3
   921 | D:2      | Reached XP level 5. HP: 52/52 MP: 4/4
  1971 | D:4      | Noticed a phantom
  1981 | D:4      | Killed a phantom
  1982 | D:4      | Reached skill level 5 in Unarmed Combat
  1982 | D:4      | Reached XP level 6. HP: 42/61 MP: 5/5
  2383 | D:4      | Reached skill level 6 in Unarmed Combat
  2955 | D:4      | Reached XP level 7. HP: 68/68 MP: 6/6
  2969 | D:4      | Found a shimmering altar of Xom.
  3013 | D:4      | Reached skill level 7 in Unarmed Combat
  3388 | D:5      | Entered Level 5 of the Dungeon
  3441 | D:5      | Found an iron altar of Okawaru.
  3458 | D:5      | Became a worshipper of Warmaster Okawaru
  3458 | D:5      | Reached * piety under Okawaru
  3458 | D:5      | Reached ** piety under Okawaru
  3606 | D:5      | Reached XP level 8. HP: 76/79 MP: 7/7
  3644 | D:5      | Reached skill level 8 in Unarmed Combat
  3683 | D:5      | Reached skill level 5 in Fighting
  3955 | D:6      | Noticed Menkaure
  3964 | D:6      | Killed Menkaure
  4012 | D:6      | Reached skill level 9 in Unarmed Combat
  4057 | D:6      | Noticed Maggie
  4062 | D:6      | Reached *** piety under Okawaru
  4070 | D:6      | Killed Maggie
  4208 | D:6      | Noticed Eustachio
  4249 | D:6      | Killed Eustachio
  4250 | D:6      | Reached XP level 9. HP: 85/89 MP: 8/8
  4366 | D:6      | Reached skill level 10 in Unarmed Combat
  4786 | D:7      | Found a staircase to the Ecumenical Temple.
  4850 | D:7      | Reached **** piety under Okawaru
  5388 | Temple   | Entered the Ecumenical Temple
  5393 | Temple   | Reached skill level 11 in Unarmed Combat
  5789 | D:8      | Found a staircase to the Lair.
  5918 | D:8      | Noticed Grum
  5937 | D:8      | Killed Grum
  5937 | D:8      | Reached ***** piety under Okawaru
  6136 | D:8      | Reached XP level 10. HP: 102/102 MP: 9/9
  6170 | D:8      | Found a snail-covered altar of Cheibriados.
  6501 | D:8      | Noticed Pikel
  6522 | D:8      | Killed Pikel
  6523 | D:8      | Reached skill level 1 in Shields
  6743 | D:8      | Reached skill level 12 in Unarmed Combat
  7024 | D:9      | Received a gift from Okawaru
  7100 | D:9      | Noticed a death knight
  7165 | D:9      | Found a radiant altar of Vehumet.
  7719 | D:9      | Found Igoex's Assorted Antiques.
  7728 | D:9      | Bought a scroll of enchant armour for 277 gold pieces
  8327 | D:10     | Entered Level 10 of the Dungeon
  8604 | D:10     | Noticed a two-headed ogre
  8610 | D:10     | Killed a two-headed ogre
  8641 | D:10     | Noticed a two-headed ogre
  8652 | D:10     | Killed a two-headed ogre
  8824 | D:10     | Reached XP level 11. HP: 93/113 MP: 10/10
  9005 | D:10     | Noticed a two-headed ogre
  9012 | D:10     | Killed a two-headed ogre
  9092 | D:10     | Found a staircase to the Orcish Mines.
  9271 | Lair:1   | Entered Level 1 of the Lair of Beasts
  9304 | Lair:1   | Reached skill level 13 in Unarmed Combat
  9338 | D:8      | Reached skill level 5 in Shields
  9831 | Lair:1   | Received a gift from Okawaru
 10579 | Lair:2   | Reached ****** piety under Okawaru
 10850 | Lair:2   | Noticed a six-headed hydra
 11019 | Lair:2   | Killed a one-headed hydra
 11165 | Lair:2   | Identified the +3 falchion "Maxuf" {vorpal, *Corrode Fly
                  | rN+ Dex+4} (Okawaru gifted it to you on level 2 of the Lair
                  | of Beasts)
 11165 | Lair:2   | Received a gift from Okawaru
 11184 | Lair:2   | Reached XP level 12. HP: 66/126 MP: 11/11
 11279 | Lair:2   | Found a staircase to the Snake Pit.
 11427 | Lair:2   | Reached skill level 10 in Fighting
 11687 | Lair:2   | Reached skill level 14 in Unarmed Combat
 11866 | Lair:3   | Noticed a four-headed hydra
 11874 | Lair:3   | Killed a one-headed hydra
 12052 | Lair:3   | Received a gift from Okawaru
 12123 | Lair:3   | Noticed a six-headed hydra
 12173 | Lair:3   | Killed a one-headed hydra
 12175 | Lair:3   | HP: 5/127 [cane toad (17)]
 12199 | Lair:3   | HP: 1/127 [cane toad (19)]
 12200 | Lair:3   | Succumbed to a cane toad's poison

Illustrated notes

Levels and vault maps discovered:
D:1:      doesnt_arrival_eight_statues, layout_basic,
          ebering_ecumenical_altar_ruins, serial_shops, shop, shop,
          nicolae_shop_stone, skrybe_limestone_x, chequers_jeans,
          chequers_serial_rivers_micro_a, kennysheep_flooded_box,
          serial_bayou_lagoon_a, minmay_cut_off
D:2:      layout_basic
D:3:      layout_rooms, grunt_decor_resistance
D:4:      layout_basic, led_xom_imps, nicolae_zen_rock_garden,
          corexii_hall_statues_u, minivault_26
D:5:      layout_rooms, okawaru_trees_1
D:6:      layout_rooms, kennysheep_nub, uniq_maggie, uniq_eustachio,
          uniq_menkaure
D:7:      layout_basic, minmay_temple_entry_mini_moons, minivault_14,
          minmay_misc_feat_alley, hangedman_decor_peaks_small
D:8:      layout_basic, mainiacjoe_overflow_alcove_1, lair_entry_dummy,
          uniq_grum, uniq_pikel
D:9:      layout_basic, amcnicky_altar_gilded, serial_shops, shop
D:10:     layout_cave_pools, orc_0_dummy, grunt_ogre_cave,
          kennysheep_cluttered_room
Temple:   dpeg_five_rooms_temple
Lair:1:   layout_long_grid, serial_bayou_ford_a
Lair:2:   layout_small_grid, minmay_snake_entry_guardpost_small, st_stairs_13,
          cheibrodos_lair_reptile_den
Lair:3:   layout_roguey, grunt_megastairs_4

Skill      XL: |  1  2  3  4  5  6  7  8  9 10 11 12 |
---------------+-------------------------------------+-----
Dodging        | 3 |  3.0
Unarmed Combat | 4 5 6 7 9 11 12 13 14 | 14.4
Fighting       | 3 4 6 7 8 9 10 | 10.5
Shields        | 4 6 7 |  7.7
Stealth        | |  1.6

Action                   |  1- 3 |  4- 6 |  7- 9 | 10-12 || total
-------------------------+-------+-------+-------+-------++-------
Melee: Unarmed           |    83 |   126 |   241 |   523 ||   973
       Punch             |     2 |     5 |    15 |       ||    22
       Scimitar          |       |       |       |    27 ||    27
Evoke: Wand              |       |       |       |     2 ||     2
  Use: Scroll            |       |       |    14 |     9 ||    23
 Stab: Sleeping          |     4 |     3 |     2 |       ||     9
Armor: Robe              |    36 |    51 |    27 |       ||   114
       Steam dragon scal |       |       |    47 |   221 ||   268
Dodge: Dodged            |    36 |    67 |   112 |   240 ||   455
Block: Kite shield       |       |       |       |   307 ||   307

Table legend: (Time is in decaauts)
 A = Elapsed time spent in this place.
 B = Non-inter-level travel time spent in this place.
 C = Inter-level travel time spent in this place.
 D = Time resting spent in this place.
 E = Time spent auto-exploring this place.
 F = Levels seen in this place.
 G = Mean time per level.
                   A        B        C        D        E       F      G
               +--------+--------+--------+--------+--------+-----+--------+
         Total |  12107 |  11420 |    687 |   2029 |   6013 |  14 |  864.8 |
       Dungeon |   9309 |   8676 |    633 |   1363 |   4837 |  10 |  930.9 |
        Temple |    138 |    138 |      0 |    127 |      0 |   1 |  138.0 |
          Lair |   2659 |   2605 |     54 |    539 |   1175 |   3 |  886.3 |
               +--------+--------+--------+--------+--------+-----+--------+

Top non-repeatable levels by time:
     D:8: 1779 daAuts
     D:4: 1266 daAuts
     D:9: 1207 daAuts
  Lair:1: 1202 daAuts
  Lair:2: 1136 daAuts
     D:7: 1024 daAuts
     D:1: 896 daAuts
     D:2: 754 daAuts
    D:10: 739 daAuts
     D:6: 677 daAuts
     D:5: 508 daAuts
     D:3: 455 daAuts
  Lair:3: 320 daAuts
  Temple: 138 daAuts
